Map: Orbital Shipyard

Players

StoicLoofah - Winner!

  • Race: Protoss Protoss

Yinzknow

  • Race: Protoss Protoss

VOD

Have the link to the VOD?

Description

Time

  • Played on: Nov. 10, 2015, 11:53 p.m.
  • Length: 9:56
Show
View Real Time Build Order
Export as new Build Order

StoicLoofah Protoss - Winner!

Build Orders: Blink Stalkers 

Get SALT Encoding   

  12  0:01  Probe (Chrono Boost)  
  13  0:12  Probe (Chrono Boost)  
  14  0:19  Pylon  
  14  0:24  Probe (Chrono Boost)  
  15  0:28  Assimilator  
  15  0:37  Probe (Chrono Boost)  
  16  0:46  Gateway  
  17  0:50  Probe (Chrono Boost)  
  17  1:00  Probe (Chrono Boost)  
  18  1:04  Pylon  
  18  1:11  Probe (Chrono Boost)  
  19  1:21  Probe (Chrono Boost)  
  20  1:32  Probe (Chrono Boost)  
  21  1:33  Cybernetics Core  
  21  1:42  Probe (Chrono Boost)  
  22  1:53  Probe (Chrono Boost)  
  23  1:57  Nexus  
  23  2:04  Probe (Chrono Boost)  
  24  2:10  Assimilator  
  24  2:12  Adept  
  24  2:13  Warp Gate (Chrono Boost)  
  26  2:25  Gateway  
  26  2:29  Probe  
  27  2:41  Probe  
  28  2:45  Adept  
  30  2:53  Probe  
  31  3:00  Twilight Council  
  31  3:08  Pylon  
  32  3:15  Mothership Core  
  32  3:17  Adept  
  35  3:20  Probe  
  36  3:31  Probe  
  37  3:36  Pylon  
  37  3:40  Probe  
  38  3:44  Probe  
  39  3:55  Probe  
  39  3:57  Probe  
  39  3:59  Blink (Chrono Boost)  
  41  4:06  Probe  
  41  4:08  Gateway  
  41  4:09  Probe  
  43  4:11  Gateway  
  43  4:17  Probe  
  43  4:21  Probe  
  43  4:22  Stalker, Robotics Facility  
  47  4:24  Pylon  
  47  4:27  Probe  
  48  4:31  Stalker  
  48  4:34  Probe  
  48  4:38  Assimilator  
  51  4:42  Assimilator  
  51  4:44  Probe  
  52  4:54  Gateway  
  52  4:55  Gateway  
  52  5:12  Observer (Chrono Boost)  
  52  5:13  Stalker x2  
  57  5:14  Stalker  
  57  5:15  Probe  
  57  5:16  Probe  
  62  5:36  Observer (Chrono Boost)  
  62  5:39  Probe  
  62  5:40  Probe  
  64  5:47  Stalker x2  
  64  5:48  Stalker  
  70  5:55  Pylon  
  70  5:56  Pylon  
  70  5:58  Pylon  
  70  5:59  Pylon  
  70  6:02  Pylon  
  70  6:11  Probe  
  70  6:13  Probe, Warp Prism (Chrono Boost)  
  70  6:16  Forge  
  70  6:17  Sentry  
  70  6:18  Sentry  
  78  6:19  Stalker x2  
  78  6:22  Probe  
  78  6:25  Probe  
  84  6:27  Stalker x2  
  88  6:38  Probe  
  88  6:44  Stalker x3  
  88  6:45  Stalker  
  92  6:52  Mothership Core  
  82  7:02  Stalker  
  82  7:03  Stalker  
  86  7:12  Stalker x3  
  86  7:13  Stalker  
  90  7:31  Zealot x2  
  90  7:34  Probe x2  
  90  7:36  Cybernetics Core  
  96  7:49  Probe x2  
  90  8:13  Stalker x5  
  84  8:28  Nexus  
  84  8:35  Pylon  
  84  8:36  Pylon  
  84  8:38  Stalker x4  
  84  8:39  Stalker  
  94  8:44  Probe x2  
  96  9:00  Forge  
  96  9:04  Pylon  
  96  9:05  Photon Cannon  
  96  9:09  Photon Cannon, Assimilator  
  96  9:10  Sentry x3  
  96  9:11  Sentry  
  96  9:15  Probe  
  96  9:16  Probe  
  100  9:27  Stalker  
  96  9:45  Stalker x4  
Show
View Real Time Build Order
Export as new Build Order

Yinzknow Protoss 

Build Orders: Double Forge, Nexus First 

Get SALT Encoding   

  12  0:01  Probe (Chrono Boost)  
  13  0:12  Probe (Chrono Boost)  
  14  0:23  Probe (Chrono Boost)  
  15  0:29  Pylon  
  15  0:37  Assimilator  
  15  0:56  Nexus  
  15  1:00  Probe (Chrono Boost)  
  16  1:10  Probe (Chrono Boost)  
  17  1:21  Probe (Chrono Boost)  
  17  1:24  Assimilator  
  18  1:30  Gateway  
  18  1:31  Probe (Chrono Boost)  
  19  1:42  Pylon  
  19  1:45  Probe (Chrono Boost)  
  20  1:55  Probe (Chrono Boost)  
  20  1:58  Assimilator  
  21  2:06  Probe (Chrono Boost)  
  22  2:13  Probe (Chrono Boost)  
  23  2:16  Probe (Chrono Boost)  
  24  2:24  Probe (Chrono Boost)  
  24  2:26  Cybernetics Core  
  24  2:27  Probe (Chrono Boost)  
  26  2:34  Probe (Chrono Boost)  
  27  2:37  Probe (Chrono Boost)  
  28  2:45  Probe (Chrono Boost)  
  28  2:48  Probe (Chrono Boost)  
  30  2:56  Probe (Chrono Boost)  
  31  2:59  Probe (Chrono Boost)  
  32  3:12  Pylon  
  32  3:17  Twilight Council  
  32  3:18  Stalker  
  34  3:23  Mothership Core (Chrono Boost)  
  34  3:24  Warp Gate (Chrono Boost)  
  36  3:29  Probe (Chrono Boost)  
  37  3:39  Probe  
  38  3:47  Forge  
  38  4:05  Probe  
  38  4:06  Probe  
  40  4:10  Assimilator  
  40  4:11  Pylon  
  40  4:14  Pylon  
  40  4:15  Assimilator  
  40  4:18  Gateway, Probe  
  40  4:20  Gateway  
  40  4:21  Gateway  
  41  4:24  Pylon  
  41  4:26  Pylon, Blink (Chrono Boost)  
  41  4:28  Protoss Ground Weapons Level 1 (Chrono Boost)  
  41  4:30  Pylon  
  41  4:33  Probe  
  41  4:34  Probe  
  41  4:37  Stalker  
  45  4:43  Pylon  
  45  4:46  Probe  
  45  4:47  Probe  
  47  4:58  Probe, Forge  
  49  5:00  Probe  
  49  5:02  Pylon  
  49  5:03  Photon Cannon  
  49  5:07  Photon Cannon  
  49  5:19  Robotics Facility  
  49  5:28  Pylon  
  49  5:36  Zealot  
  49  5:37  Stalker  
  49  5:38  Stalker x2  
  56  6:00  Stalker  
  58  6:06  Observer  
  58  6:09  Probe x2  
  61  6:13  Stalker  
  61  6:14  Stalker x2  
  67  6:24  Stalker  
  67  7:03  Zealot x3  
  69  7:36  Mothership Core  
  65  7:44  Photon Cannon  
  65  7:45  Photon Cannon  
  62  8:05  Protoss Ground Armor Level 1 (Chrono Boost)  
  29  8:22  Probe x2  
  30  8:34  Probe x2  
  32  8:46  Probe x2  
  34  8:57  Pylon  
  34  8:59  Pylon  
  34  9:02  Probe x2  
  36  9:05  Pylon  
  36  9:14  Probe  
  37  9:17  Pylon  
  37  9:20  Pylon  
  37  9:24  Zealot x3  
  37  9:27  Nexus  
Tags
 
Add a new tag
Caveats
  • Supply blocks, unpowered buildings, or Contaminate may cause inaccurate times.
  • Supply counts are checked every 10 seconds.